 Dungeon Crawl Stone Soup version 0.32-a0-893-gf85d74f360 (webtiles) character file.

Game seed: 53650647703671470

151 porpoise the Shooter (level 5, -5/41 HPs)
             Began as a Human Hunter on Apr 4, 2024.
             Slain by Robin
             ... wielding a +0 trident
              (7 damage)
             ... on level 3 of the Dungeon.
             The game lasted 00:04:12 (1913 turns).

porpoise the Shooter (Human Hunter)                 Turns: 1913, Time: 00:04:14

Health: -5/41      AC:  4    Str: 12    XL:     5   Next: 33%
Magic:  5/5        EV: 16    Int:  9    God:
Gold:   151        SH:  0    Dex: 18    Spells: 4/4 levels left

rFire   . . .        a - +1 shortbow
rCold   . . .        (shield currently unavailable)
rNeg    . . .        c - +0 leather armour
rPois   .            (no helmet)
rElec   .            (no cloak)
rCorr   .            (no gloves)
SInv    .            v - +0 pair of boots
Will    +....        (no amulet)
Stlth   ++           j - ring of willpower
HPRegen 0.26/turn    n - +5 ring of evasion
MPRegen 0.09/turn

%: no passive effects
@: no status effects
A: explore regen
a: no special abilities


You were on level 3 of the Dungeon.
You visited 1 branch of the dungeon, and saw 3 of its levels.

You collected 151 gold pieces.

Inventory:

Hand Weapons
 a - a +1 shortbow (weapon)
 b - the +5 dagger of Accord {freeze, Str+8 Dex-4}
   (You found it on level 2 of the Dungeon)

   Str+8:     It affects your strength (+8).
   Dex-4:     It affects your dexterity (-4).
Missiles
 e - 5 datura-tipped darts
 l - 2 boomerangs
Armour
 c - a +0 leather armour (worn)
 o - an orb of guile
 v - a +0 pair of boots (worn)
Jewellery
 j - a ring of willpower (left hand)
 n - a +5 ring of evasion (right hand)
 p - a +6 ring of dexterity
Wands
 x - a wand of warping (8)
Scrolls
 d - a scroll of torment {unknown}
 f - 3 scrolls of enchant weapon
 q - a scroll of brand weapon {unknown}
 r - a scroll of identify {unknown}
 s - a scroll of butterflies
 t - a scroll of noise {unknown}
 u - a scroll of teleportation {unknown}
 w - a scroll of blinking {unknown}
Potions
 g - a potion of resistance {unknown}
 h - 2 potions of lignification {unknown}
 i - a potion of might {unknown}
 k - a potion of heal wounds {unknown}
 m - 3 potions of enlightenment {unknown}


   Skills:
 + Level 3.1 Fighting
 * Level 5.3 Ranged Weapons
 - Level 2.0 Dodging
 + Level 2.7 Stealth


You had 4 spell levels left.
You didn't know any spells.
Your spell library contained the following spells:

 Spells                   Type           Power      Damage    Failure   Level
 Call Canine Familiar     Summ           0%         N/A       83%         3
 Fugue of the Fallen      Necr           0%         N/A       83%         3
 Ozocubu's Armour         Ice            0%         N/A       83%         3
 Sigil of Binding         Hex            0%         N/A       83%         3
 Dimensional Bullseye     Hex/Tloc       0%         N/A       99%         4
 Manifold Assault         Tloc           0%         N/A       100%        7


Dungeon Overview and Level Annotations

Branches:
Dungeon (3/15)

Altars:

Annotations:
D:3 Robin


Innate Abilities, Weirdness & Mutations

You regain HP and MP as you explore.


Message History

You are too injured to fight recklessly!
You are too injured to fight recklessly!
Unknown command.
You shoot an arrow. The arrow hits the goblin!
You kill the goblin!
Robin throws the goblin at you! The goblin completely misses you.
The goblin barely misses you.
You shoot an arrow. The arrow closely misses the goblin.
Robin roars a battlecry!
The goblin completely misses you. The goblin misses you.
A goblin comes into view. It is wielding a +0 dagger.
You shoot an arrow. The arrow closely misses the goblin.
The goblin no longer looks unusually strong.
The goblin misses you.
The goblin hits you but does no damage. x2
The goblin hits you with a +0 club.
* * * LOW HITPOINT WARNING * * *
You shoot an arrow. The arrow hits the goblin.
The goblin is heavily wounded.
Robin's horned helmet rattles.
The goblin hits you with a +0 dagger.
* * * LOW HITPOINT WARNING * * *
The goblin closely misses you.
You shoot an arrow. The arrow barely misses the goblin.
The arrow closely misses the goblin.
The arrow hits Robin!
Robin is almost dead.
The goblin no longer looks unusually strong.
The goblin barely misses you. The goblin hits you with a +0 club.
* * * LOW HITPOINT WARNING * * *
Unknown command.
You shoot an arrow. The arrow closely misses the goblin.
The goblin misses you. The goblin hits you but does no damage.
You shoot an arrow. The arrow hits the goblin!
You kill the goblin!
The goblin no longer looks unusually strong.
The goblin closely misses you.
A goblin comes into view. It is wielding a +0 dagger.
The goblin closely misses you.
Robin hits you from afar with a +0 trident!
You die...
Robin lets out a smug laugh.

#.## ...# # ...g.$.. #
#g##.# ###
#####g.g.###.#......
.............#.#####
#####....#####.# #
#..$.# #.# #
#########gg..#####.# ##
.$....g@ggg....(##.####.
#########g...##..#.##...
#....###...##.## #....#
##.....## #....#
##>..... ..#'#.# #.#####
##.#.#.# #.# #.#?..# #.#
#.#


You could see Robin and 6 goblins.

Vanquished Creatures
  Jessica (D:3)
  Natasha (thrice) (D:3)
  An adder (D:2)
  2 dart slugs (D:1)
  A ribbon worm (D:2)
  3 endoplasms
  2 giant cockroaches
  4 goblins
  4 hobgoblins
  A kobold (D:1)
  4 quokkas
  6 ball pythons
  4 bats
  A frilled lizard (D:2)
  6 rats
43 creatures vanquished.

Notes
Turn   | Place    | Note
-------+----------+-------------------------------------------
     0 | D:1      | porpoise the Human Hunter began the quest for the Orb.
     0 | D:1      | Reached XP level 1. HP: 16/16 MP: 1/1
   128 | D:1      | Reached XP level 2. HP: 22/22 MP: 2/2
   619 | D:1      | Reached XP level 3. HP: 28/28 MP: 3/3
  1111 | D:2      | Identified the +5 dagger of Accord {freeze, Str+8 Dex-4}
  1583 | D:3      | Noticed Jessica
  1584 | D:3      | Killed Jessica
  1585 | D:3      | Reached XP level 4. HP: 34/34 MP: 4/4
  1642 | D:3      | Noticed Natasha
  1658 | D:3      | Killed Natasha
  1659 | D:3      | Reached skill level 5 in Ranged Weapons
  1722 | D:3      | Noticed Natasha
  1731 | D:3      | Killed Natasha
  1732 | D:3      | Reached XP level 5. HP: 28/41 MP: 5/5
  1834 | D:3      | Noticed Natasha
  1843 | D:3      | Killed Natasha
  1889 | D:3      | Noticed Robin
  1911 | D:3      | HP: 1/41 [goblin/+0 club[Robin] (3)]
  1913 | D:3      | Slain by Robin

Illustrated notes

Levels and vault maps discovered:
D:1:      kennysheep_arrival_seaside, layout_loops_ring, chequers_arboretum,
          serial_bayou_lake_a
D:2:      layout_basic, kennysheep_donut
D:3:      layout_basic, uniq_natasha, uniq_jessica, uniq_sigmund, uniq_robin

Skill      XL: |  1  2  3  4 |
---------------+-------------+-----
Stealth        | 2 |  2.7
Ranged Weapons | 5 |  5.3
Fighting       | 3 |  3.1
Dodging        | |  2.0

Action                     |  1- 3 |  4- 6 || total
---------------------------+-------+-------++-------
   Fire: Shortbow          |   102 |    55 ||   157
  Evoke: Wand              |       |     1 ||     1
    Use: Scroll            |     1 |       ||     1
 Armour: Leather armour    |     9 |    36 ||    45
  Dodge: Dodged            |    15 |    37 ||    52

Table legend: (Time is in decaauts)
 A = Elapsed time spent in this place.
 B = Non-inter-level travel time spent in this place.
 C = Inter-level travel time spent in this place.
 D = Time resting spent in this place.
 E = Time spent auto-exploring this place.
 F = Levels seen in this place.
 G = Mean time per level.
                   A        B        C        D        E       F      G
               +--------+--------+--------+--------+--------+-----+--------+
         Total |   1987 |   1914 |     73 |    203 |   1363 |   3 |  662.3 |
       Dungeon |   1987 |   1914 |     73 |    203 |   1363 |   3 |  662.3 |
               +--------+--------+--------+--------+--------+-----+--------+

Top non-repeatable levels by time:
     D:1: 951 daAuts
     D:2: 690 daAuts
     D:3: 346 daAuts
